 Dungeon Sprint DCSS version 0.18-a0-1292-ge8ad84c (webtiles) character file.

15497 Kidiri the Unseen (level 12, -2/51 HPs)
             Began as a Spriggan Enchanter on Feb 9, 2016.
             Was the Champion of Dithmenos.
             Slain by a greater naga
             ... wielding a +0 spear
              (28 damage)
             ... in the Dungeon (Sprint III: "The Ten Rune Challenge").
             The game lasted 00:27:17 (2978 turns).

Kidiri the Unseen (Spriggan Enchanter)              Turns: 2978, Time: 00:27:18

Health: -2/51      AC:  3    Str:  4    XL:     12   Next: 1%
Magic:  24/30      EV: 33    Int: 19    God:    Dithmenos [******]
Gold:   33         SH:  0    Dex: 19    Spells: 8 memorised, 9 levels left

rFire  . . .     SeeInvis +     s - +2 dagger (elec)
rCold  . . .     Gourm    .     b - +1 robe
rNeg   . . .     Faith    .     (shield restricted)
rPois  .         Spirit   .     (helmet restricted)
rElec  .         Dismiss  .     e - +0 cloak
rCorr  .         Reflect  .     (gloves unavailable)
SustAt .         Harm     .     (boots unavailable)
MR     ++...     NoTele   +     (no amulet)
Stlth  ++++++++++               (no ring)
                                (no ring)

@: lethally poisoned (-2 -> -8), wreathed by umbra, very quick, very resistant
to hostile enchantments, uncannily stealthy
A: unfitting armour, camouflage 1, see invisible, deformed body, herbivore 3,
speed 3, slow metabolism 2
a: Shadow Step, Shadow Form, Renounce Religion


You were in the Dungeon.
You worshipped Dithmenos.
Dithmenos was exalted by your worship.
You were not hungry.

You visited 1 branch You collected 33 gold pieces.

Inventory:

Hand Weapons
 s - a +2 dagger of electrocution (weapon)
Missiles
 a - 2 throwing nets (quivered)
Armour
 b - a +1 robe (worn)
 e - a +0 cloak (worn)
Scrolls
 j - a scroll of blinking
 l - a scroll of immolation {unknown}
 p - a scroll of holy word {unknown}
 q - 2 scrolls of remove curse
Potions
 f - a potion of curing
 g - a potion of haste
 h - 2 potions of magic
 n - 3 potions of cure mutation
 o - a potion of ambrosia
 r - a potion of flight
Books
 k - an Akashic Record

   Spells                             Type                      Level
   a - Dispersal                      Translocation                6
   b - Malign Gateway                 Summoning/Translocation      7
   c - Disjunction                    Translocation                8
   d - Controlled Blink               Translocation                8
Comestibles
 c - 21 royal jellies
 d - 3 bread rations
 i - 6 fruits


   Skills:
 * Level 12.6 Short Blades
 + Level 6.3 Armour
 * Level 16.0 Dodging
 * Level 17.2 Stealth
 * Level 13.6 Spellcasting
 + Level 6.2 Conjurations
 + Level 10.3 Hexes
 + Level 6.7 Translocations
 + Level 9.4 Transmutations
 + Level 6.7 Ice Magic
 + Level 6.4 Earth Magic
 + Level 6.4 Poison Magic
 - Level 2.8 Invocations


You had 9 spell levels left.
You knew the following spells:

 Your Spells              Type           Power        Failure   Level  Hunger
a - Corona                Hex            ######.      1%          1    None
b - Ensorcelled Hibernat  Hex/Ice        #####.       1%          2    None
c - Confuse               Hex            ######..     1%          3    None
d - Tukima's Dance        Hex            ######..     1%          3    None
e - Dazzling Spray        Conj/Hex       #####...     1%          3    None
f - Petrify               Trmt/Erth      #####...     1%          4    None
g - Alistair's Intoxicat  Trmt/Pois      #####...     8%          5    ####...
h - Controlled Blink      Tloc           N/A          100%        8    #######


Dungeon Overview and Level Annotations

Branches:
Dungeon (1/1)

Altars:
Cheibriados
Dithmenos
Elyvilon
Fedhas
Gozag
Kikubaaqudgha
Makhleb
Nemelex Xobeh
Okawaru
Pakellas
Qazlal
Ru
Sif Muna
Trog
Vehumet
Xom
Yredelemnul
Zin
The Shining One
Jiyva
Lugonu

Shops:
D ?:(


Innate Abilities, Weirdness & Mutations

You are tiny and cannot use many weapons and most armour.
You have supernaturally acute eyesight.
You are a herbivore.
You cover ground extremely quickly.
You need consume almost no food.
Your skin changes colour to match your surroundings (Stealth).
Armour fits poorly on your strangely shaped body.


Message History

The greater naga spits poison at you. The splash of poison hits you!
You are poisoned.
You see here a battleaxe.
You feel sick.
Unknown command.
Casting: Ensorcelled Hibernation
Confirm with . or Enter, or press ? or * to list all spells.
Aiming: Dazzling Spray
Press: ? - help, Shift-Dir - straight line, f/p - naga
Aim: a naga, wielding a battleaxe (umbra)
The spray of energy hits the naga.
The naga is moderately wounded.
The naga is dazzled.
The spray of energy hits the naga warrior.
Your shadow mimicks your spell!
The shadow shard hits the naga.
You feel sick.
The greater naga hits you from afar with a spear!!
Ouch! That really hurt!
You die...

#............#
###########..#
##......%....#
#...........##
#..##########
#......%%%%.##
##...........#
##########..#
#.N)@.......#
#∩.NN.......##
#∩.##########
#∩. ##


You could see a naga warrior, a greater naga and a naga (blind).

Vanquished Creatures
  Maud (D)
  A hydra (D)
  Erolcha (D)
  5 anacondas (D)
  A death drake (D)
  A spriggan druid (D)
  A deep elf mage (D)
  A lindwurm (D)
  5 black mambas (D)
  2 spiny frogs (D)
  A komodo dragon (D)
  3 wandering mushrooms (D)
  A queen bee (D)
  2 giant leeches (D)
  2 spriggans (D)
  A shadow (D)
  5 redbacks (D)
  A spatial vortex (D)
  A naga (D)
  A hill giant (D)
  4 water moccasins (D)
  A necrophage (D)
  2 two-headed ogres (D)
  A water elemental (D)
  30 killer bees (D)
  An electric eel (D)
  A wizard (D)
  A jelly (D)
  Crazy Yiuf (D)
  A necromancer (D)
  3 humans (D)
  A kobold demonologist (D)
  2 adders (D)
  4 rats (D)
90 creatures vanquished.

Vanquished Creatures (collateral kills)
  A hill giant (D)
  A two-headed ogre (D)
  2 killer bees (D)
4 creatures vanquished.

Vanquished Creatures (others)
  2 draconian scorchers (D)
  A hydra (D)
  3 yaktaurs (D)
6 creatures vanquished.

Grand Total: 100 creatures vanquished

Notes
Turn   | Place    | Note
--------------------------------------------------------------
     0 | D        | Kidiri the Spriggan Enchanter began the quest for the Orb.
     0 | D        | Reached XP level 1. HP: 9/9 MP: 5/5
    76 | D        | Killed a yaktaur
   106 | D        | Reached skill level 1 in Armour
   106 | D        | Reached skill level 5 in Stealth
   106 | D        | Reached XP level 2. HP: 10/13 MP: 3/7
   115 | D        | Learned a level 2 spell: Ensorcelled Hibernation
   172 | D        | Noticed Crazy Yiuf
   179 | D        | Killed Crazy Yiuf
   179 | D        | Reached skill level 5 in Dodging
   179 | D        | Reached skill level 6 in Stealth
   179 | D        | Reached XP level 3. HP: 16/16 MP: 7/9
   193 | D        | Learned a level 3 spell: Dazzling Spray
   197 | D        | Learned a level 3 spell: Confuse
   214 | D        | Gained mutation: You are somewhat resistant to further mutation. [potion of mutation]
   214 | D        | Gained mutation: You expend magic power (3 MP) to strengthen your wands. [potion of mutation]
   215 | D        | Lost mutation: You expend magic power (3 MP) to strengthen your wands. [potion of cure mutation]
   215 | D        | Lost mutation: You are somewhat resistant to further mutation. [potion of cure mutation]
   216 | D        | Gained mutation: Your skin changes colour to match your surroundings (Stealth). [potion of mutation]
   216 | D        | Gained mutation: Armour fits poorly on your strangely shaped body. [potion of mutation]
   219 | D        | Killed a white draconian scorcher
   220 | D        | Killed a white draconian scorcher
   237 | D        | Noticed a water elemental
   253 | D        | Killed a water elemental
   253 | D        | Reached skill level 7 in Stealth
   253 | D        | Reached skill level 5 in Spellcasting
   253 | D        | Reached skill level 1 in Ice Magic
   253 | D        | Reached XP level 4. HP: 15/21 MP: 1/12
   308 | D        | Killed a yaktaur
   399 | D        | Learned a level 3 spell: Tukima's Dance
   424 | D        | Noticed a shadow
   426 | D        | Killed a shadow
   426 | D        | Reached skill level 5 in Short Blades
   426 | D        | Reached skill level 9 in Stealth
   426 | D        | Reached skill level 1 in Conjurations
   426 | D        | Reached skill level 5 in Hexes
   426 | D        | Reached XP level 5. HP: 24/24 MP: 13/15
   442 | D        | Reached XP level 6. HP: 9/28 MP: 7/16
   650 | D        | Found an oddly glowing altar of Pakellas.
   650 | D        | Found a stormy altar of Qazlal.
   651 | D        | Found a sacrificial altar of Ru.
   651 | D        | Found a burning altar of Makhleb.
   651 | D        | Found a viscous altar of Jiyva.
   651 | D        | Found a shimmering altar of Xom.
   651 | D        | Found a shadowy altar of Dithmenos.
   651 | D        | Found a sparkling altar of Nemelex Xobeh.
   651 | D        | Found a corrupted altar of Lugonu.
   651 | D        | Found an opulent altar of Gozag.
   651 | D        | Noticed a spatial vortex
   656 | D        | Became a worshipper of Dithmenos the Shadowed
   657 | D        | Killed a spatial vortex
   657 | D        | Reached skill level 1 in Invocations
   694 | D        | Found a radiant altar of Vehumet.
   695 | D        | Found a deep blue altar of Sif Muna.
   695 | D        | Found an ancient bone altar of Kikubaaqudgha.
   696 | D        | Reached skill level 10 in Stealth
   713 | D        | Learned a level 4 spell: Petrify
   723 | D        | Found a glowing silver altar of Zin.
   724 | D        | Found a glowing golden altar of the Shining One.
   724 | D        | Found a white marble altar of Elyvilon.
   724 | D        | Noticed a deep elf mage
   733 | D        | Killed a deep elf mage
   733 | D        | Reached * piety under Dithmenos
   733 | D        | Reached skill level 10 in Dodging
   733 | D        | Reached skill level 11 in Stealth
   733 | D        | Reached skill level 1 in Earth Magic
   733 | D        | Reached XP level 7. HP: 32/32 MP: 6/20
   821 | D        | Found an iron altar of Okawaru.
   822 | D        | Found a bloodstained altar of Trog.
   822 | D        | Noticed a human
   822 | D        | Noticed a human
   832 | D        | Killed a human
   836 | D        | Killed a human
   836 | D        | Reached XP level 8. HP: 21/36 MP: 12/21
   844 | D        | Learned a level 5 spell: Alistair's Intoxication
   966 | D        | Found a snail-covered altar of Cheibriados.
   967 | D        | Found a basalt altar of Yredelemnul.
   967 | D        | Found a blossoming altar of Fedhas.
   968 | D        | Reached ** piety under Dithmenos
  1008 | D        | Reached *** piety under Dithmenos
  1008 | D        | Reached skill level 1 in Poison Magic
  1130 | D        | Noticed Erolcha
  1160 | D        | Reached skill level 12 in Stealth
  1349 | D        | Killed Erolcha
  1349 | D        | Reached skill level 10 in Spellcasting
  1349 | D        | Reached XP level 9. HP: 39/39 MP: 19/24
  1358 | D        | Killed a yaktaur
  1384 | D        | Reached **** piety under Dithmenos
  1384 | D        | Reached skill level 13 in Stealth
  1384 | D        | Reached skill level 5 in Transmutations
  1511 | D        | Noticed a queen bee
  1859 | D        | Reached ***** piety under Dithmenos
  2037 | D        | Reached ****** piety under Dithmenos
  2160 | D        | Killed a queen bee
  2172 | D        | Reached skill level 10 in Short Blades
  2224 | D        | Reached XP level 10. HP: 44/44 MP: 2/26
  2297 | D        | Reached skill level 14 in Stealth
  2297 | D        | Reached skill level 5 in Ice Magic
  2460 | D        | Reached skill level 5 in Armour
  2494 | D        | Noticed a spiny frog
  2494 | D        | Noticed a spiny frog
  2497 | D        | Killed a spiny frog
  2500 | D        | Killed a spiny frog
  2515 | D        | Learned a level 8 spell: Controlled Blink
  2531 | D        | Reached skill level 5 in Conjurations
  2531 | D        | Reached skill level 1 in Translocations
  2539 | D        | Noticed a lindwurm
  2542 | D        | Killed a lindwurm
  2542 | D        | Reached skill level 15 in Stealth
  2549 | D        | Reached skill level 5 in Earth Magic
  2560 | D        | Noticed Maud
  2562 | D        | Killed Maud
  2562 | D        | Reached skill level 5 in Poison Magic
  2562 | D        | Reached XP level 11. HP: 47/47 MP: 28/28
  2571 | D        | Noticed a five-headed hydra
  2571 | D        | Noticed a six-headed hydra
  2619 | D        | Killed a six-headed hydra
  2662 | D        | Killed a five-headed hydra
  2668 | D        | Noticed a death drake
  2670 | D        | Killed a death drake
  2710 | D        | Found a blossoming altar of Fedhas.
  2710 | D        | Noticed a spriggan druid
  2712 | D        | Killed a spriggan druid
  2714 | D        | Reached skill level 16 in Stealth
  2742 | D        | Noticed an anaconda
  2742 | D        | Noticed an anaconda
  2746 | D        | Killed an anaconda
  2746 | D        | Reached skill level 15 in Dodging
  2746 | D        | Reached skill level 5 in Translocations
  2761 | D        | Killed an anaconda
  2797 | D        | Noticed an anaconda
  2797 | D        | Noticed an anaconda
  2800 | D        | Reached skill level 10 in Hexes
  2821 | D        | Killed an anaconda
  2823 | D        | Killed an anaconda
  2943 | D        | Noticed an anaconda
  2945 | D        | Killed an anaconda
  2945 | D        | Reached skill level 17 in Stealth
  2950 | D        | Reached XP level 12. HP: 51/51 MP: 25/30
  2974 | D        | Noticed a naga warrior
  2974 | D        | Noticed a greater naga
  2974 | D        | Found Testriuma's Magic Scroll Shop.
  2974 | D        | Found Xen Sonu's Book Shoppe.
  2974 | D        | Found Quudgh's Antique Weapon Boutique.
  2978 | D        | Slain by a greater naga

Vault maps used:
D:        dungeon_sprint_mu

Action                   |  1- 3 |  4- 6 |  7- 9 | 10-12 || total
-------------------------+-------+-------+-------+-------++-------
Melee: Dagger            |    30 |    13 |    55 |    43 ||   141
 Cast: Corona            |     2 |       |       |       ||     2
       Dazzling Spray    |     2 |     2 |    10 |     5 ||    19
       Ensorcelled Hiber |       |     2 |    28 |    19 ||    49
       Confuse           |       |     2 |    10 |     2 ||    14
       Tukima's Dance    |       |     2 |     9 |       ||    11
       Alistair's Intoxi |       |       |     1 |       ||     1
Invok: Shadow Step       |       |       |       |     7 ||     7
  Use: Potion            |     5 |       |     1 |       ||     6
       Scroll            |     2 |       |       |     1 ||     3
 Stab: Sleeping          |     2 |     5 |    28 |    37 ||    72
       Invisible         |       |     1 |     1 |     1 ||     3
       Confused          |       |       |     2 |       ||     2
  Eat: Royal jelly       |       |       |     1 |       ||     1
